[Event "GambitGuide"]
[Site "Internet Chess Club"]
[Date "2014.10.31"]
[Round "1"]
[White "JSBach"]
[Black "parrot9"]
[Result "1-0"]
[ICCResult "Black resigns"]
[WhiteElo "1646"]
[BlackElo "1355"]
[Opening "Vienna: `Frankenstein-Dracula' variation"]
[ECO "C27"]
[NIC "VG.02"]
[Time "11:40:49"]
[TimeControl "120+12"]

1. e4 e5 2. Nc3 Nf6 3. Bc4 Nxe4 4. Qh5 Nd6 5. Bb3 Nc6 6. Nb5 g6 7. Qf3 f5 8.
Qd5 Qe7 9. Nxc7+ Kd8 10. Nxa8 b6 11. d3 Bb7 12. Nxb6 Nb4 13. Qa5 Bxg2 14.
Nd5+ {Black resigns} 1-0

[Event "GambitGuide"]
[Site "Internet Chess Club"]
[Date "2014.10.31"]
[Round "1"]
[White "JSBach"]
[Black "bunuel"]
[Result "1-0"]
[ICCResult "Black resigns"]
[WhiteElo "1646"]
[BlackElo "1386"]
[Opening "Vienna: `Frankenstein-Dracula' variation"]
[ECO "C27"]
[NIC "VG.02"]
[Time "11:43:19"]
[TimeControl "120+12"]

1. e4 e5 2. Nc3 Nf6 3. Bc4 Nxe4 4. Qh5 Nd6 5. Bb3 Nc6 6. Nb5 g6 7. Qf3 f5 8.
Qd5 Qe7 9. Nxc7+ Kd8 10. Nxa8 b6 11. d3 Bg7 12. Nh3 Bb7 13. Bg5 Bf6 14. Nxb6
axb6 15. g3 Bxg5 16. Nxg5 Qxg5 17. Qxd6 Qe7 18. Qxe7+ Kxe7 19. Bd5 Rc8 20.
O-O-O Ba6 21. Rhe1 Nb4 22. c4 b5 23. a3 bxc4 24. axb4 cxd3+ 25. Kb1 e4 26.
f3 Bb5 27. Rd2 Ba4 28. fxe4 Bc2+ 29. Ka2 Ra8+ 30. Bxa8 {Black resigns} 1-0

[Event "GambitGuide"]
[Site "Internet Chess Club"]
[Date "2014.10.31"]
[Round "1"]
[White "JSBach"]
[Black "Fellwind"]
[Result "1-0"]
[ICCResult "Black resigns"]
[WhiteElo "1646"]
[BlackElo "1477"]
[Opening "Vienna: `Frankenstein-Dracula' variation"]
[ECO "C27"]
[NIC "VG.02"]
[Time "11:43:03"]
[TimeControl "120+12"]

1. e4 e5 2. Nc3 Nf6 3. Bc4 Nxe4 4. Qh5 Nd6 5. Bb3 Nc6 6. Nb5 g6 7. Qf3 f5 8.
Qd5 Qe7 9. Nxc7+ Kd8 10. Nxa8 b6 11. d3 Bg7 12. Nh3 Bb7 13. Bg5 Bf6 14. Nxb6
axb6 15. g3 Nd4 16. Qxb7 Nxb7 17. Be3 Nxb3 18. axb3 Kc7 19. Ra6 Nc5 20. Ra2
d5 21. b4 d4 22. bxc5 dxe3 23. Ra7+ Kd8 24. Rxe7 Kxe7 25. cxb6 exf2+ 26.
Nxf2 Rb8 27. b4 Rxb6 28. c3 Rc6 29. c4 Rb6 30. b5 Kd6 31. Ke2 Kc5 32. Ra1 e4
33. Ra6 exd3+ 34. Nxd3+ {Black resigns} 1-0

[Event "GambitGuide"]
[Site "Internet Chess Club"]
[Date "2014.10.31"]
[Round "1"]
[White "JSBach"]
[Black "littlecaesar"]
[Result "1-0"]
[ICCResult "Black resigns"]
[WhiteElo "1660"]
[BlackElo "2521"]
[Opening "Vienna: `Frankenstein-Dracula' variation"]
[ECO "C27"]
[NIC "VG.02"]
[Time "11:43:29"]
[TimeControl "120+12"]

1. e4 e5 2. Nc3 Nf6 3. Bc4 Nxe4 4. Qh5 Nd6 5. Bb3 Nc6 6. Nb5 g6 7. Qf3 f5 8.
Qd5 Qe7 9. Nxc7+ Kd8 10. Nxa8 b6 11. d3 Nd4 12. f4 exf4+ 13. Kd1 Nxb3 14.
axb3 Bb7 15. Qd4 Bg7 16. Qf2 Bxa8 17. Rxa7 Bc6 18. Qxb6+ Ke8 19. Bxf4 Nc8
20. Qb8 Kf7 21. Ra5 g5 22. Rxf5+ {Black resigns} 1-0

[Event "GambitGuide"]
[Site "Internet Chess Club"]
[Date "2014.10.31"]
[Round "1"]
[White "JSBach"]
[Black "Lucas"]
[Result "1-0"]
[ICCResult "Black resigns"]
[WhiteElo "1660"]
[BlackElo "2373"]
[Opening "Vienna: `Frankenstein-Dracula' variation"]
[ECO "C27"]
[NIC "VG.02"]
[Time "11:43:30"]
[TimeControl "120+12"]

1. e4 e5 2. Nc3 Nf6 3. Bc4 Nxe4 4. Qh5 Nd6 5. Bb3 Nc6 6. Nb5 g6 7. Qf3 f5 8.
Qd5 Qe7 9. Nxc7+ Kd8 10. Nxa8 b6 11. d3 Bb7 12. Nxb6 axb6 13. Qf3 Kc7 14.
Bd2 Nd4 15. Qg3 f4 16. Qg4 h5 17. Qxg6 Rh6 18. Qg8 f3 19. Nxf3 Bxf3 20. Bxh6
Bxh6 21. gxf3 Nxf3+ 22. Ke2 Nd4+ 23. Kd1 Qf6 24. Qd5 e4 25. Qxh5 exd3 26.
cxd3 Qxf2 27. Qxh6 Qe2+ 28. Kc1 Qg2 29. Rd1 Ne2+ 30. Kb1 Qc6 31. Qe3 Nf5 32.
Qxe2 Nd4 33. Qe5+ {Black resigns} 1-0

[Event "GambitGuide"]
[Site "Internet Chess Club"]
[Date "2014.10.31"]
[Round "1"]
[White "JSBach"]
[Black "infiniteshug"]
[Result "1-0"]
[ICCResult "Black resigns"]
[WhiteElo "1660"]
[BlackElo "1482"]
[Opening "Vienna: `Frankenstein-Dracula' variation"]
[ECO "C27"]
[NIC "VG.02"]
[Time "11:43:05"]
[TimeControl "120+12"]

1. e4 e5 2. Nc3 Nf6 3. Bc4 Nxe4 4. Qh5 Nd6 5. Bb3 Nc6 6. Nb5 g6 7. Qf3 f5 8.
Qd5 Qe7 9. Nxc7+ Kd8 10. Nxa8 b6 11. d3 Bb7 12. Nxb6 axb6 13. Qf3 Na5 14.
Qe3 Nxb3 15. Qxb6+ Ke8 16. Qxb3 e4 17. d4 e3 18. Bxe3 Bxg2 19. O-O-O Bxh1
20. Re1 Be4 21. Bf4 Bg7 22. Qb8+ Kf7 23. Qxd6 Qxd6 24. Bxd6 Rc8 25. Bc5 d6
26. f3 dxc5 27. fxe4 cxd4 28. exf5 gxf5 29. Kb1 Bf6 30. a4 Ra8 31. b3 Rg8
32. Nf3 Rg2 33. a5 d3 34. cxd3 Rb2+ 35. Kc1 Ra2 36. b4 Rb2 37. Ne5+ Bxe5 38.
Rxe5 Rxb4 39. Rxf5+ Kg6 40. Rf3 Ra4 41. Kb1 Rxa5 42. Rg3+ Kf5 43. Rg7 Rd5
44. Kc2 h5 45. Kd2 Kf4 46. Rf7+ Kg4 47. Rf8 Kh3 48. Rf2 h4 49. Kc3 Kg4 50.
Kc4 Rd8 51. d4 h3 52. d5 Kg5 53. Kc5 {Black resigns} 1-0

[Event "GambitGuide"]
[Site "Internet Chess Club"]
[Date "2014.10.31"]
[Round "1"]
[White "JSBach"]
[Black "Drunxican"]
[Result "1-0"]
[ICCResult "Black resigns"]
[WhiteElo "1660"]
[BlackElo "1518"]
[Opening "Vienna: `Frankenstein-Dracula' variation"]
[ECO "C27"]
[NIC "VG.02"]
[Time "11:42:44"]
[TimeControl "120+12"]

1. e4 e5 2. Nc3 Nf6 3. Bc4 Nxe4 4. Qh5 Nd6 5. Bb3 Nc6 6. Nb5 g6 7. Qf3 f5 8.
Qd5 Qe7 9. Nxc7+ Kd8 10. Nxa8 b6 11. d3 Bb7 12. Nxb6 axb6 13. Qf3 e4 14.
dxe4 Nd4 15. Qd3 Nxb3 16. Qxb3 Qxe4+ 17. Be3 Qxg2 18. Bxb6+ Ke8 19. Qe3+ Kf7
20. Qd4 Qxh1 21. O-O-O Rg8 22. Bc5 Qc6 23. Bxd6 Bxd6 24. Qxd6 Qxd6 25. Rxd6
Ke7 26. Rb6 Bc6 27. b4 Ra8 28. Kb2 {Black resigns} 1-0

[Event "GambitGuide"]
[Site "Internet Chess Club"]
[Date "2014.10.31"]
[Round "1"]
[White "JSBach"]
[Black "bergnaset"]
[Result "1-0"]
[ICCResult "Black resigns"]
[WhiteElo "1660"]
[BlackElo "1571"]
[Opening "Vienna: `Frankenstein-Dracula' variation"]
[ECO "C27"]
[NIC "VG.02"]
[Time "11:42:55"]
[TimeControl "120+12"]

1. e4 e5 2. Nc3 Nf6 3. Bc4 Nxe4 4. Qh5 Nd6 5. Bb3 Nc6 6. Nb5 g6 7. Qf3 f5 8.
Qd5 Qe7 9. Nxc7+ Kd8 10. Nxa8 b6 11. d3 e4 12. dxe4 Nxe4 13. Be3 Bb7 14.
Nxb6 axb6 15. Bxb6+ Ke8 16. Be3 Bg7 17. Rb1 Nd8 18. Qa5 f4 19. f3 Ng3 20.
hxg3 Qxe3+ 21. Kf1 Ne6 22. Re1 Qd4 23. Bxe6 dxe6 24. Qb5+ Kf8 25. Qxb7 Qc4+
26. Ne2 {Black resigns} 1-0

[Event "GambitGuide"]
[Site "Internet Chess Club"]
[Date "2014.10.31"]
[Round "1"]
[White "JSBach"]
[Black "littlecaesar"]
[Result "1-0"]
[ICCResult "Black checkmated"]
[WhiteElo "1660"]
[BlackElo "2521"]
[Opening "Vienna: `Frankenstein-Dracula' variation"]
[ECO "C27"]
[NIC "VG.02"]
[Time "11:44:32"]
[TimeControl "120+12"]

1. e4 e5 2. Nc3 Nf6 3. Bc4 Nxe4 4. Qh5 Nd6 5. Bb3 Nc6 6. Nb5 g6 7. Qf3 f5 8.
Qd5 Qe7 9. Nxc7+ Kd8 10. Nxa8 b6 11. d3 Nd4 12. f4 exf4+ 13. Kd1 Bg7 14.
Bxf4 Bb7 15. Bxd6 Qg5 16. Qxb7 Qg4+ 17. Nf3 Qxg2 18. Qb8# {Black checkmated}
1-0

[Event "GambitGuide"]
[Site "Internet Chess Club"]
[Date "2014.10.31"]
[Round "1"]
[White "JSBach"]
[Black "nsideurheadbro"]
[Result "0-1"]
[ICCResult "White checkmated"]
[WhiteElo "1660"]
[BlackElo "1184"]
[Opening "Vienna: `Frankenstein-Dracula' variation"]
[ECO "C27"]
[NIC "VG.02"]
[Time "11:40:25"]
[TimeControl "120+12"]

1. e4 e5 2. Nc3 Nf6 3. Bc4 Nxe4 4. Qh5 Nd6 5. Bb3 Nc6 6. Nb5 g6 7. Qf3 f5 8.
Qd5 Qe7 9. Nxc7+ Kd8 10. Nxa8 b6 11. d3 Bb7 12. Nxb6 axb6 13. Qf3 Nd4 14.
Qg3 f4 15. Qg4 g5 16. Ba4 h5 17. Qd1 Bxg2 18. c3 Bxh1 19. cxd4 exd4+ 20. Kf1
b5 21. Bb3 Bg7 22. a4 Rf8 23. axb5 Nxb5 24. Bc4 Nd6 25. Qxh5 f3 26. Ra8+ Kc7
27. Nxf3 Bxf3 28. Ra7+ Nb7 29. Qh3 Qe2+ 30. Kg1 Bc6 31. f4 gxf4 32. b4 Qe1+
33. Qf1 Qxb4 34. Ba3 Qb6 35. Bxf8 Bxf8 36. Ra6 Qc5 37. Qxf4+ Bd6 38. Qg4 Qe5
39. Kf1 Qxh2 40. Qxd4 Bc5 41. Qf6 Qg1+ 42. Ke2 Qg4+ 43. Ke1 Bb4+ 44. Qc3
Bxc3+ 45. Kf2 Qf3+ 46. Kg1 Qg2# {White checkmated} 0-1

[Event "GambitGuide"]
[Site "Internet Chess Club"]
[Date "2014.10.31"]
[Round "1"]
[White "JSBach"]
[Black "Joennyxan"]
[Result "1-0"]
[ICCResult "Black resigns"]
[WhiteElo "1660"]
[BlackElo "843"]
[Opening "Vienna: `Frankenstein-Dracula' variation"]
[ECO "C27"]
[NIC "VG.02"]
[Time "11:43:53"]
[TimeControl "120+12"]

1. e4 e5 2. Nc3 Nf6 3. Bc4 Nxe4 4. Qh5 Nd6 5. Bb3 Nc6 6. Nb5 g6 7. Qf3 f5 8.
Qd5 Qe7 9. Nxc7+ Kd8 10. Nxa8 b6 11. d3 e4 12. dxe4 Qxe4+ 13. Qxe4 Nxe4 14.
f3 Bb4+ 15. c3 Nxc3 16. Bg5+ Ne7 17. a3 Re8 18. axb4 {Black resigns} 1-0

[Event "GambitGuide"]
[Site "Internet Chess Club"]
[Date "2014.10.31"]
[Round "1"]
[White "JSBach"]
[Black "Lucas"]
[Result "1-0"]
[ICCResult "Black checkmated"]
[WhiteElo "1660"]
[BlackElo "2373"]
[Opening "Vienna: `Frankenstein-Dracula' variation"]
[ECO "C27"]
[NIC "VG.02"]
[Time "11:44:39"]
[TimeControl "120+12"]

1. e4 e5 2. Nc3 Nf6 3. Bc4 Nxe4 4. Qh5 Nd6 5. Bb3 Nc6 6. Nb5 g6 7. Qf3 f5 8.
Qd5 Qe7 9. Nxc7+ Kd8 10. Nxa8 b6 11. d3 Bb7 12. Nxb6 axb6 13. Qf3 Nd4 14.
Qh3 g5 15. Be3 g4 16. Qh5 Bxg2 17. Bg5 Bxh1 18. Bxe7+ Bxe7 19. Ba4 b5 20.
Bb3 Nf3+ 21. Nxf3 Bxf3 22. a4 e4 23. axb5 g3 24. Qh6 g2 25. Qg7 Re8 26. dxe4
Nxe4 27. Ra8+ Kc7 28. Rxe8 Bb4+ 29. c3 Nxc3 30. bxc3 Bxc3+ 31. Qxc3+ Kd6 32.
Qe5# {Black checkmated} 1-0

[Event "GambitGuide"]
[Site "Internet Chess Club"]
[Date "2014.10.31"]
[Round "1"]
[White "JSBach"]
[Black "infiniteshug"]
[Result "1-0"]
[ICCResult "Black resigns"]
[WhiteElo "1660"]
[BlackElo "1482"]
[Opening "Vienna: `Frankenstein-Dracula' variation"]
[ECO "C27"]
[NIC "VG.02"]
[Time "11:44:53"]
[TimeControl "120+12"]

1. e4 e5 2. Nc3 Nf6 3. Bc4 Nxe4 4. Qh5 Nd6 5. Bb3 Nc6 6. Nb5 g6 7. Qf3 f5 8.
Qd5 Qe7 9. Nxc7+ Kd8 10. Nxa8 b6 11. d3 Nb4 12. Bg5 Qxg5 13. Qxe5 Rg8 14.
Nxb6 axb6 15. Kf1 Bg7 16. Qxd6 Re8 17. Qxb6+ Ke7 18. Re1+ Kf8 19. Qc5+
{Black resigns}
1-0

[Event "GambitGuide"]
[Site "Internet Chess Club"]
[Date "2014.10.31"]
[Round "1"]
[White "JSBach"]
[Black "Fellwind"]
[Result "1-0"]
[ICCResult "Black resigns"]
[WhiteElo "1660"]
[BlackElo "1477"]
[Opening "Vienna: `Frankenstein-Dracula' variation"]
[ECO "C27"]
[NIC "VG.02"]
[Time "11:44:33"]
[TimeControl "120+12"]

1. e4 e5 2. Nc3 Nf6 3. Bc4 Nxe4 4. Qh5 Nd6 5. Bb3 Nc6 6. Nb5 g6 7. Qf3 f5 8.
Qd5 Qe7 9. Nxc7+ Kd8 10. Nxa8 b6 11. d3 Bb7 12. Nxb6 axb6 13. Qf3 Nd4 14.
Qg3 f4 15. Qg4 Rg8 16. Ba4 h5 17. Qh3 Bh6 18. Bd2 b5 19. Ba5+ Ke8 20. Bb3
Nxb3 21. axb3 e4 22. Kf1 Kf7 23. Bb4 Qe5 24. Qxd7+ Kf6 25. Bc3 {Black
resigns} 1-0

[Event "GambitGuide"]
[Site "Internet Chess Club"]
[Date "2014.10.31"]
[Round "1"]
[White "JSBach"]
[Black "Joennyxan"]
[Result "1-0"]
[ICCResult "Black resigns"]
[WhiteElo "1660"]
[BlackElo "843"]
[Opening "Vienna: `Frankenstein-Dracula' variation"]
[ECO "C27"]
[NIC "VG.02"]
[Time "11:45:17"]
[TimeControl "120+12"]

1. e4 e5 2. Nc3 Nf6 3. Bc4 Nxe4 4. Qh5 Nd6 5. Bb3 Nc6 6. Nb5 g6 7. Qf3 f5 8.
Qd5 Qe7 9. Nxc7+ Kd8 10. Nxa8 b6 11. d3 e4 12. dxe4 Qe5 13. Bg5+ Be7 14.
Qxe5 Nxe5 15. Bxe7+ Kxe7 16. exf5 gxf5 17. Bd5 Nb5 18. O-O-O {Black resigns}
1-0

[Event "GambitGuide"]
[Site "Internet Chess Club"]
[Date "2014.10.31"]
[Round "1"]
[White "JSBach"]
[Black "infiniteshug"]
[Result "1-0"]
[ICCResult "Black resigns"]
[WhiteElo "1660"]
[BlackElo "1482"]
[Opening "Vienna: `Frankenstein-Dracula' variation"]
[ECO "C27"]
[NIC "VG.02"]
[Time "11:45:38"]
[TimeControl "120+12"]

1. e4 e5 2. Nc3 Nf6 3. Bc4 Nxe4 4. Qh5 Nd6 5. Bb3 Nc6 6. Nb5 g6 7. Qf3 f5 8.
Qd5 Qe7 9. Nxc7+ Kd8 10. Nxa8 b6 11. d3 Bg7 12. Nh3 Nb4 13. Qf3 Bb7 14. Qg3
Bxa8 15. Bg5 Bf6 16. Rd1 Re8 17. Bxf6 Qxf6 18. Ng5 e4 19. Nxh7 exd3+ 20. Kf1
Qg7 21. Qxd6 Qxh7 22. Qxb4 dxc2 23. Bxc2 Qe7 24. Qxe7+ {Black resigns} 1-0

[Event "GambitGuide"]
[Site "Internet Chess Club"]
[Date "2014.10.31"]
[Round "1"]
[White "JSBach"]
[Black "Fellwind"]
[Result "1-0"]
[ICCResult "Black resigns"]
[WhiteElo "1651"]
[BlackElo "1477"]
[Opening "Vienna: `Frankenstein-Dracula' variation"]
[ECO "C27"]
[NIC "VG.02"]
[Time "11:45:53"]
[TimeControl "120+12"]

1. e4 e5 2. Nc3 Nf6 3. Bc4 Nxe4 4. Qh5 Nd6 5. Bb3 Nc6 6. Nb5 g6 7. Qf3 f5 8.
Qd5 Qe7 9. Nxc7+ Kd8 10. Nxa8 b6 11. d3 Bg7 12. Nh3 h6 13. Ba4 Bb7 14. Nxb6
axb6 15. Qb3 Kc7 16. O-O g5 17. Re1 e4 18. Be3 Nd4 19. Qb4 Qe5 20. c3 f4 21.
Bxd4 {Black resigns} 1-0

[Event "GambitGuide"]
[Site "Internet Chess Club"]
[Date "2014.10.31"]
[Round "1"]
[White "JSBach"]
[Black "Lucas"]
[Result "1-0"]
[ICCResult "Black resigns"]
[WhiteElo "1651"]
[BlackElo "2373"]
[Opening "Vienna: `Frankenstein-Dracula' variation"]
[ECO "C27"]
[NIC "VG.02"]
[Time "11:45:43"]
[TimeControl "120+12"]

1. e4 e5 2. Nc3 Nf6 3. Bc4 Nxe4 4. Qh5 Nd6 5. Bb3 Nc6 6. Nb5 g6 7. Qf3 f5 8.
Qd5 Qe7 9. Nxc7+ Kd8 10. Nxa8 b6 11. d3 Nd4 12. f4 Bb7 13. Qxe5 Bxa8 14. Kf1
Qxe5 15. fxe5 Nxb3 16. axb3 Nb5 17. c4 Nd4 18. Rxa7 Bc6 19. Bg5+ Be7 20. Be3
Nxb3 21. Bxb6+ Ke8 22. Nf3 Kf7 23. Ke2 g5 24. Rg1 g4 25. Nd4 Nxd4+ 26. Bxd4
Rb8 27. Rga1 f4 28. Kd2 Bxg2 29. Rxd7 Bc6 30. Rc7 Bf3 31. e6+ Kf8 32. Raa7
Re8 33. Bg7+ Kxg7 34. Rxe7+ Rxe7 35. Rxe7+ Kf6 36. Rf7+ Kxe6 37. Rxf4 h5 38.
b4 h4 39. b5 h3 40. b6 Ke5 41. Rxf3 gxf3 42. b7 f2 43. b8=Q+ {Black resigns}
1-0

[Event "GambitGuide"]
[Site "Internet Chess Club"]
[Date "2014.10.31"]
[Round "1"]
[White "JSBach"]
[Black "infiniteshug"]
[Result "1-0"]
[ICCResult "Black resigns"]
[WhiteElo "1651"]
[BlackElo "1482"]
[Opening "Vienna: `Frankenstein-Dracula' variation"]
[ECO "C27"]
[NIC "VG.02"]
[Time "11:46:18"]
[TimeControl "120+12"]

1. e4 e5 2. Nc3 Nf6 3. Bc4 Nxe4 4. Qh5 Nd6 5. Bb3 Nc6 6. Nb5 g6 7. Qf3 f5 8.
Qd5 Qe7 9. Nxc7+ Kd8 10. Nxa8 b6 11. d3 Bg7 12. Nh3 h6 13. Ba4 Nb4 14. Qb3
a5 15. Nxb6 Bb7 16. O-O Qh4 17. Bxd7 Qg4 18. g3 Qxh3 19. f3 e4 20. Be3 exf3
21. Rf2 h5 22. Bc5 h4 23. Bxd6 hxg3 24. Bxg3 g5 25. a3 f4 26. Bxh3
{Black resigns}
1-0

[Event "GambitGuide"]
[Site "Internet Chess Club"]
[Date "2014.10.31"]
[Round "1"]
[White "JSBach"]
[Black "Joennyxan"]
[Result "1-0"]
[ICCResult "Black resigns"]
[WhiteElo "1651"]
[BlackElo "843"]
[Opening "Vienna: `Frankenstein-Dracula' variation"]
[ECO "C27"]
[NIC "VG.02"]
[Time "11:46:11"]
[TimeControl "120+12"]

1. e4 e5 2. Nc3 Nf6 3. Bc4 Nxe4 4. Qh5 Nd6 5. Bb3 Nc6 6. Nb5 g6 7. Qf3 f5 8.
Qd5 Qe7 9. Nxc7+ Kd8 10. Nxa8 b6 11. d3 e4 12. dxe4 Nxe4 13. Be3 Bh6 14.
Nxb6 axb6 15. Bxb6+ Ke8 16. Kd1 Nxf2+ 17. Bxf2 {Black resigns} 1-0

[Event "GambitGuide"]
[Site "Internet Chess Club"]
[Date "2014.10.31"]
[Round "1"]
[White "JSBach"]
[Black "parrot9"]
[Result "1-0"]
[ICCResult "Black resigns"]
[WhiteElo "1651"]
[BlackElo "1355"]
[Opening "Vienna: `Frankenstein-Dracula' variation"]
[ECO "C27"]
[NIC "VG.02"]
[Time "11:44:10"]
[TimeControl "120+12"]

1. e4 e5 2. Nc3 Nf6 3. Bc4 Nxe4 4. Qh5 Nd6 5. Bb3 Nc6 6. Nb5 g6 7. Qf3 f5 8.
Qd5 Qe7 9. Nxc7+ Kd8 10. Nxa8 b6 11. d3 Bb7 12. Nxb6 axb6 13. Qf3 e4 14. Qe3
Bg7 15. Qxb6+ Kc8 16. Ne2 exd3 17. cxd3 Re8 18. Be3 Bh6 19. Rc1 Bxe3 20.
Qxe3 Qf6 21. Qd2 Kb8 22. O-O {Black resigns} 1-0

[Event "GambitGuide"]
[Site "Internet Chess Club"]
[Date "2014.10.31"]
[Round "1"]
[White "JSBach"]
[Black "infiniteshug"]
[Result "1-0"]
[ICCResult "Black resigns"]
[WhiteElo "1651"]
[BlackElo "1482"]
[Opening "Vienna: `Frankenstein-Dracula' variation"]
[ECO "C27"]
[NIC "VG.02"]
[Time "11:47:15"]
[TimeControl "120+12"]

1. e4 e5 2. Nc3 Nf6 3. Bc4 Nxe4 4. Qh5 Nd6 5. Bb3 Nc6 6. Nb5 g6 7. Qf3 f5 8.
Qd5 Qe7 9. Nxc7+ Kd8 10. Nxa8 b6 11. d3 Bb7 12. Nxb6 axb6 13. Qf3 Bg7 14.
Be3 b5 15. Bd5 e4 16. dxe4 fxe4 17. Bb6+ Kc8 18. Qb3 Nd4 19. Bxb7+ Kxb7 20.
Bxd4 Bxd4 21. Qd5+ {Black resigns} 1-0

[Event "GambitGuide"]
[Site "Internet Chess Club"]
[Date "2014.10.31"]
[Round "1"]
[White "JSBach"]
[Black "infiniteshug"]
[Result "1-0"]
[ICCResult "Black resigns"]
[WhiteElo "1651"]
[BlackElo "1482"]
[Opening "Vienna: `Frankenstein-Dracula' variation"]
[ECO "C27"]
[NIC "VG.02"]
[Time "11:47:47"]
[TimeControl "120+12"]

1. e4 e5 2. Nc3 Nf6 3. Bc4 Nxe4 4. Qh5 Nd6 5. Bb3 Nc6 6. Nb5 g6 7. Qf3 f5 8.
Qd5 Qe7 9. Nxc7+ Kd8 10. Nxa8 b6 11. d3 Bb7 12. Nxb6 axb6 13. Qf3 Nb4 14.
Qg3 h6 15. Bd2 Bg7 16. Bxb4 {Black resigns} 1-0

[Event "GambitGuide"]
[Site "Internet Chess Club"]
[Date "2014.10.31"]
[Round "1"]
[White "JSBach"]
[Black "nsideurheadbro"]
[Result "1-0"]
[ICCResult "Black resigns"]
[WhiteElo "1651"]
[BlackElo "1184"]
[Opening "Vienna: `Frankenstein-Dracula' variation"]
[ECO "C27"]
[NIC "VG.02"]
[Time "11:46:03"]
[TimeControl "120+12"]

1. e4 e5 2. Nc3 Nf6 3. Bc4 Nxe4 4. Qh5 Nd6 5. Bb3 Nc6 6. Nb5 g6 7. Qf3 f5 8.
Qd5 Qe7 9. Nxc7+ Kd8 10. Nxa8 b6 11. d3 Bb7 12. Nxb6 axb6 13. Qf3 Nd4 14.
Qh3 f4 15. Ba4 e4 16. Kf1 g5 17. c3 N4f5 18. d4 h5 19. Bd1 g4 20. Bxg4 hxg4
21. Qxh8 e3 22. Qe5 Qh7 23. Qxf4 exf2 24. Qxf2 g3 25. Qf4 gxh2 26. Rxh2
{Black resigns}
1-0

[Event "GambitGuide"]
[Site "Internet Chess Club"]
[Date "2014.10.31"]
[Round "1"]
[White "JSBach"]
[Black "Achilleus"]
[Result "0-1"]
[ICCResult "White checkmated"]
[WhiteElo "1651"]
[BlackElo "1534"]
[Opening "Vienna: `Frankenstein-Dracula' variation"]
[ECO "C27"]
[NIC "VG.02"]
[Time "11:44:53"]
[TimeControl "120+12"]

1. e4 e5 2. Nc3 Nf6 3. Bc4 Nxe4 4. Qh5 Nd6 5. Bb3 Nc6 6. Nb5 g6 7. Qf3 f5 8.
Qd5 Qe7 9. Nxc7+ Kd8 10. Nxa8 b6 11. d3 Bb7 12. Nxb6 axb6 13. Qf3 Nd4 14.
Qh3 Bg7 15. Be3 f4 16. Bxd4 exd4+ 17. Kf1 Nf5 18. Ne2 Rf8 19. Nxf4 Ne3+ 20.
fxe3 dxe3 21. Qg4 g5 22. Kg1 Rxf4 23. Qe2 Rf2 24. Qg4 Rxg2+ 25. Qxg2 Bxg2
26. Kxg2 Bxb2 27. Rab1 Bd4 28. Rhe1 Qe5 29. Re2 Qf4 30. Bc4 g4 31. Rf1 Qg5
32. Rf7 h5 33. a3 h4 34. Kg1 g3 35. Kh1 Qg4 36. Rf8+ Ke7 37. Rf7+ Ke8 38.
hxg3 Qxe2 39. Rf5 hxg3 40. Bf7+ Ke7 41. Re5+ Bxe5 42. Kg1 Qf2+ 43. Kh1 Qh2#
{White checkmated}
0-1

[Event "GambitGuide"]
[Site "Internet Chess Club"]
[Date "2014.10.31"]
[Round "1"]
[White "JSBach"]
[Black "infiniteshug"]
[Result "1-0"]
[ICCResult "Black resigns"]
[WhiteElo "1651"]
[BlackElo "1482"]
[Opening "Vienna: `Frankenstein-Dracula' variation"]
[ECO "C27"]
[NIC "VG.02"]
[Time "11:48:05"]
[TimeControl "120+12"]

1. e4 e5 2. Nc3 Nf6 3. Bc4 Nxe4 4. Qh5 Nd6 5. Bb3 Nc6 6. Nb5 g6 7. Qf3 f5 8.
Qd5 Qe7 9. Nxc7+ Kd8 10. Nxa8 b6 11. d3 e4 12. dxe4 Nxe4 13. Be3 Bb7 14.
Nxb6 axb6 15. Bxb6+ Kc8 16. Be3 Bg7 17. c3 f4 18. Bc2 Nxc3 19. Qc4 fxe3 20.
bxc3 exf2+ 21. Kxf2 Rf8+ 22. Nf3 {Black resigns} 1-0

[Event "GambitGuide"]
[Site "Internet Chess Club"]
[Date "2014.10.31"]
[Round "1"]
[White "JSBach"]
[Black "bergnaset"]
[Result "1-0"]
[ICCResult "Black resigns"]
[WhiteElo "1651"]
[BlackElo "1571"]
[Opening "Vienna: `Frankenstein-Dracula' variation"]
[ECO "C27"]
[NIC "VG.02"]
[Time "11:45:04"]
[TimeControl "120+12"]

1. e4 e5 2. Nc3 Nf6 3. Bc4 Nxe4 4. Qh5 Nd6 5. Bb3 Nc6 6. Nb5 g6 7. Qf3 f5 8.
Qd5 Qe7 9. Nxc7+ Kd8 10. Nxa8 b6 11. d3 Bb7 12. Nxb6 axb6 13. Qf3 Nd4 14.
Qh3 Nxb3 15. axb3 e4 16. d4 Bg7 17. Be3 g5 18. c3 f4 19. Bd2 h6 20. Kd1 Re8
21. Qg4 e3 22. fxe3 fxe3 23. Bc1 Be4 24. Ne2 Bf5 25. Ra8+ Kc7 26. Rxe8 Qxe8
27. Qf3 Qe6 28. d5 Qg6 29. Bxe3 Bc2+ 30. Ke1 Bxb3 31. Rf1 Qc2 32. Nc1 Be5
33. Rf2 Qb1 34. g3 Nc4 35. Kf1 Nxb2 36. Bd2 Nc4 37. Be3 Bxc3 38. Bxb6+ Nxb6
39. Qxc3+ Bc4+ 40. Kg1 Kd6 41. Rb2 {Black resigns} 1-0

[Event "GambitGuide"]
[Site "Internet Chess Club"]
[Date "2014.10.31"]
[Round "1"]
[White "JSBach"]
[Black "Drunxican"]
[Result "0-1"]
[ICCResult "White checkmated"]
[WhiteElo "1651"]
[BlackElo "1518"]
[Opening "Vienna: `Frankenstein-Dracula' variation"]
[ECO "C27"]
[NIC "VG.02"]
[Time "11:45:03"]
[TimeControl "120+12"]

1. e4 e5 2. Nc3 Nf6 3. Bc4 Nxe4 4. Qh5 Nd6 5. Bb3 Nc6 6. Nb5 g6 7. Qf3 f5 8.
Qd5 Qe7 9. Nxc7+ Kd8 10. Nxa8 b6 11. d3 Bb7 12. Nxb6 axb6 13. Qf3 e4 14. Qe3
Bg7 15. Qxb6+ Kc8 16. dxe4 Qxe4+ 17. Ne2 Qxg2 18. Rg1 Qe4 19. Kf1 Re8 20.
Qe3 Qb4 21. Qf4 Re4 22. a3 Qb5 23. Qd2 Nc4 24. Qd3 N6e5 25. Bxc4 Nxc4 26.
Nc3 Bxc3 27. Qxc3 Kb8 28. Qd3 Qe5 29. f4 Qe6 30. Qc3 Ba6 31. Qh8+ Kb7 32.
Kg2 Re2+ 33. Kh3 Qe4 34. Kg3 Ne3 35. Qxh7 Rg2+ 36. Rxg2 Qxg2+ 37. Kh4 Qg4#
{White checkmated}
0-1

[Event "GambitGuide"]
[Site "Internet Chess Club"]
[Date "2014.10.31"]
[Round "1"]
[White "JSBach"]
[Black "nsideurheadbro"]
[Result "1-0"]
[ICCResult "Black resigns"]
[WhiteElo "1651"]
[BlackElo "1184"]
[Opening "Vienna: `Frankenstein-Dracula' variation"]
[ECO "C27"]
[NIC "VG.02"]
[Time "11:48:28"]
[TimeControl "120+12"]

1. e4 e5 2. Nc3 Nf6 3. Bc4 Nxe4 4. Qh5 Nd6 5. Bb3 Nc6 6. Nb5 g6 7. Qf3 f5 8.
Qd5 Qe7 9. Nxc7+ Kd8 10. Nxa8 b6 11. d3 Bb7 12. Nxb6 axb6 13. Qf3 Nd4 14.
Qh3 f4 15. Ba4 N6f5 16. c3 {Black resigns} 1-0

[Event "GambitGuide"]
[Site "Internet Chess Club"]
[Date "2014.10.31"]
[Round "1"]
[White "JSBach"]
[Black "Joennyxan"]
[Result "1-0"]
[ICCResult "Black resigns"]
[WhiteElo "1651"]
[BlackElo "843"]
[Opening "Vienna: `Frankenstein-Dracula' variation"]
[ECO "C27"]
[NIC "VG.02"]
[Time "11:47:18"]
[TimeControl "120+12"]

1. e4 e5 2. Nc3 Nf6 3. Bc4 Nxe4 4. Qh5 Nd6 5. Bb3 Nc6 6. Nb5 g6 7. Qf3 f5 8.
Qd5 Qe7 9. Nxc7+ Kd8 10. Nxa8 b6 11. d3 e4 12. dxe4 Nxe4 13. Be3 Bh6 14.
Nxb6 axb6 15. Bxb6+ Ke8 16. Kd1 Nb4 17. Qa8 Qd6+ 18. Ke2 Qd2+ 19. Kf1 Be3
20. Bxe3 {Black resigns} 1-0